 Dungeon Crawl Stone Soup version 0.31-a0-875-g02e7d12df6 (webtiles) character file.

Game seed: 5340170922272273827

116 pascalblue the Caller (level 4, -3/24 HPs)
             Began as a Deep Elf Summoner on Oct 12, 2023.
             Succumbed to Ijyb's poison
             ... on level 3 of the Dungeon.
             The game lasted 00:11:01 (2291 turns).

pascalblue the Caller (Deep Elf Summoner)           Turns: 2291, Time: 00:11:02

Health: -3/24      AC:  3    Str:  5    XL:     4   Next: 70%
Magic:  4/12       EV: 12    Int: 22    God:
Gold:   58         SH:  0    Dex: 15    Spells: 3/12 levels left

rFire   . . .        i - +5 short sword of the Secret Mystics {spect, rCorr}
rCold   . . .        (no shield)
rNeg    . . .        a - +0 robe
rPois   .            (no helmet)
rElec   .            o - +0 cloak
rCorr   +            (no gloves)
SInv    .            (no boots)
Will    .....        (no amulet)
Stlth   ++           (no ring)
HPRegen 0.24/turn    (no ring)
MPRegen 0.13/turn

%: no passive effects
@: lethally poisoned (-3 -> -21)
A: no striking features
a: no special abilities


You were on level 3 of the Dungeon.
You visited 1 branch of the dungeon, and saw 3 of its levels.

You collected 58 gold pieces.

Inventory:

Hand Weapons
 c - a +0 dagger
 d - a +0 spear
 i - the +5 short sword of the Secret Mystics (weapon) {spect, rCorr}
   (You found it on level 2 of the Dungeon)

   rCorr:     It protects you from acid and corrosion.
Missiles
 e - 19 stones
 g - 2 throwing nets
Armour
 a - a +0 robe (worn)
 o - a +0 cloak (worn)
Scrolls
 h - 2 scrolls of teleportation
 m - a scroll of identify {unknown}
Potions
 b - a potion of magic
 f - a potion of brilliance {unknown}
 j - a potion of attraction {unknown}
 k - a potion of enlightenment {unknown}
 l - a potion of ambrosia {unknown}
 n - a potion of invisibility {unknown}


   Skills:
 - Level 2.4 Dodging
 - Level 2.4 Stealth
 + Level 4.5 Spellcasting
 * Level 1.6 Hexes
 + Level 5.8 Summonings


You had 3 spell levels left.
You knew the following spells:

 Your Spells              Type           Power      Damage    Failure   Level
a - Summon Small Mammal   Summ           100%       N/A       1%          1
b - Call Imp              Summ           60%        N/A       1%          2
c - Call Canine Familiar  Summ           30%        N/A       2%          3
d - Summon Guardian Gole  Hex/Summ       21%        N/A       7%          3

Your spell library contained the following spells:

 Spells                   Type           Power      Damage    Failure   Level
 Volatile Blastmotes      Fire/Tloc      8%         2d10      32%         3
 Summon Lightning Spire   Summ/Air       17%        N/A       32%         4
 Fulminant Prism          Conj/Hex       4%         3d5       58%         4
 Iskenderun's Mystic Bla  Conj/Tloc      4%         2d3       71%         4


Dungeon Overview and Level Annotations

Branches:
Dungeon (3/15)

Altars:
Elyvilon

Annotations:
D:3 Ijyb, Natasha, Robin


Message History

Ijyb hits your quokka with a +2 dagger of venom.
Natasha claws your hound but does no damage.
Your bat barely misses Ijyb.
Your cerulean imp hits Ijyb but does no damage.
Your hound closely misses Ijyb.
Your bat hits Ijyb but does no damage.
Your quokka barely misses Ijyb.
Your bat hits Ijyb but does no damage. Ijyb barely misses your bat.
Natasha claws your hound!
Your hound dies!
Your hound's corpse disappears in a puff of smoke!
Your cerulean imp hits Ijyb but does no damage.
Your quokka closely misses Ijyb.
Your bat hits Ijyb but does no damage.
Ijyb hits you with a +2 dagger of venom.
You are poisoned.
Natasha stares at you and mumbles some strange words.
The magic dart hits you.
Your quokka bites Ijyb.
Your cerulean imp hits Ijyb from afar with a -1 spear.
You hit Ijyb.
Ijyb is moderately wounded.
Your +5 short sword of the Secret Mystics {spect, rCorr} hits Ijyb.
You feel very sick.
Ijyb hits you with a +2 dagger of venom.
* * * LOW HITPOINT WARNING * * *
You are more poisoned.
Natasha mumbles some strange words.
Natasha glows brightly for a moment.
Natasha claws your +5 short sword of the Secret Mystics {spect, rCorr} but does no damage.
Your quokka barely misses Ijyb.
Your bat closely misses Ijyb.
Your cerulean imp hits Ijyb but does no damage.
Your +5 short sword of the Secret Mystics {spect, rCorr} disappears.
* * * LOW HITPOINT WARNING * * *
You feel very sick.
Your bat hits Ijyb but does no damage.
Ijyb zaps a wand.
The puff of flame hits your bat!
Your bat dies!
Your bat's corpse disappears in a puff of smoke!
Your quokka bites Ijyb but does no damage.
Your cerulean imp barely misses Ijyb.
You die...

......g.# .#
###.###<## .#
#.....S##### .#
#####.......###
.#####
#.#####...##.#....
#.# ###....)....
#.. #<...†.# #...
#.5....#
#....##hr.@..#
.....K.g.....#
...##.....## ..
#.....# . #.....#
#.....# #.....#
#######


You could see Ijyb (ally target), Natasha, a kobold, a friendly cerulean imp
(summoned) and a friendly quokka (summoned).

Vanquished Creatures
  2 hobgoblins
  A frilled lizard (D:3)
3 creatures vanquished.

Vanquished Creatures (collateral kills)
  4 gnolls (D:2)
  3 adders
  A worm (D:2)
  A dart slug (D:1)
  3 ball pythons
  7 endoplasms
  2 giant cockroaches
  3 goblins
  4 hobgoblins
  5 kobolds
  A quokka (D:3)
  4 bats
  A frilled lizard (D:1)
  5 rats
44 creatures vanquished.

Grand Total: 47 creatures vanquished

Notes
Turn   | Place    | Note
-------+----------+-------------------------------------------
     0 | D:1      | pascalblue the Deep Elf Summoner began the quest for the
                  | Orb.
     0 | D:1      | Reached XP level 1. HP: 10/10 MP: 6/6
   194 | D:1      | Reached XP level 2. HP: 12/15 MP: 6/8
   201 | D:1      | Learned a level 2 spell: Call Imp
   802 | D:2      | Reached skill level 5 in Summonings
   862 | D:2      | Reached XP level 3. HP: 19/19 MP: 6/10
  1166 | D:2      | Reached XP level 4. HP: 2/24 MP: 8/12
  1260 | D:2      | Learned a level 3 spell: Call Canine Familiar
  1264 | D:2      | Learned a level 3 spell: Summon Guardian Golem
  1361 | D:2      | Identified the +5 short sword of the Secret Mystics {spect,
                  | rCorr}
  1572 | D:2      | Reached skill level 1 in Hexes
  1914 | D:2      | Found a white marble altar of Elyvilon.
  1926 | D:2      | Found a faded altar of an unknown god.
  2072 | D:3      | Noticed Ijyb
  2085 | D:3      | Noticed Robin
  2283 | D:3      | Noticed Natasha
  2290 | D:3      | HP: 1/24 [poisoned by Ijyb]
  2291 | D:3      | Succumbed to Ijyb's poison

Illustrated notes

Levels and vault maps discovered:
D:1:      saegor_arrival_simple_c, layout_loops_ring, minmay_crystal_water,
          nicolae_kite_square_tiling_tiny
D:2:      minmay_razor_zed, layout_loops_ring,
          shapermc_ecumenical_altar_mp_highgroup, basic_altar
D:3:      layout_rooms, patterned_corridor, uniq_robin, uniq_natasha,
          uniq_jessica, uniq_ijyb

Skill      XL: |  1  2  3  4 |
---------------+-------------+-----
Summonings     | 5 |  5.8
Spellcasting   | 4 |  4.5
Hexes          | 1 |  1.6
Dodging        | |  2.4
Stealth        | |  2.4

Action                     |  1- 3 |  4- 6 || total
---------------------------+-------+-------++-------
  Melee: Spear             |     3 |    10 ||    13
         Dagger            |     2 |       ||     2
         Short sword       |       |     6 ||     6
   Cast: Summon Small Mamm |    23 |    22 ||    45
         Call Imp          |     9 |    13 ||    22
         Call Canine Famil |       |     3 ||     3
    Use: Scroll            |       |     2 ||     2
 Armour: Robe              |    17 |    30 ||    47
  Dodge: Dodged            |    16 |    38 ||    54

Table legend: (Time is in decaauts)
 A = Elapsed time spent in this place.
 B = Non-inter-level travel time spent in this place.
 C = Inter-level travel time spent in this place.
 D = Time resting spent in this place.
 E = Time spent auto-exploring this place.
 F = Levels seen in this place.
 G = Mean time per level.
                   A        B        C        D        E       F      G
               +--------+--------+--------+--------+--------+-----+--------+
         Total |   2291 |   2202 |     89 |    132 |   1379 |   3 |  763.7 |
       Dungeon |   2291 |   2202 |     89 |    132 |   1379 |   3 |  763.7 |
               +--------+--------+--------+--------+--------+-----+--------+

Top non-repeatable levels by time:
     D:2: 1412 daAuts
     D:1: 765 daAuts
     D:3: 113 daAuts
